 Dungeon Crawl Stone Soup version 0.17-a0-1632-g0af21bd (webtiles) character file.

39603 kroki the Severer (level 13, -9/123 HPs)
             Began as a Minotaur Berserker on Aug 3, 2015.
             Was a High Priest of Trog.
             Mangled by a spiny frog (12 damage)
             ... on level 8 of the Lair of Beasts.
             The game lasted 00:21:13 (15517 turns).

kroki the Severer (Minotaur Berserker)             Turns: 15517, Time: 00:21:13

Health: -9/123     AC: 25    Str: 23    XL:     13   Next: 70%
Magic:  0/18       EV: 12    Int:  4    God:    Trog [*****.]
Gold:   1333       SH:  2    Dex: 14    Spells: 0 memorised, 12 levels left

rFire  . . .     SeeInvis .     A - +5 executioner's axe (flame) {god gift}
rCold  . . .     Clarity  .     G - +0 plate armour
rNeg   . . .     SustAt   .     (no shield)
rPois  .         Gourm    .     (helmet restricted)
rElec  .         Spirit   +     b - +1 cloak
rCorr  .         Warding  .     m - +0 pair of gloves
rMut   .         Stasis   .     t - +0 pair of boots
MR     +++..                    O - amulet of guardian spirit
Stlth  ..........               S - ring of protection from magic
                                o - +4 ring of evasion

@: lethally poisoned (-9 -> -22), exhausted, very slightly contaminated,
regenerating, hasted and slowed, extremely resistant to hostile enchantments,
extremely unstealthy
A: retaliatory headbutt, horns 2, icy blue scales 1, large bone plates 1, blink
1, screaming 1, MP-powered wands
a: Blink, Burn Spellbooks, Berserk, Trog's Hand, Brothers in Arms, Renounce
Religion


You were on level 8 of the Lair of Beasts.
You worshipped Trog.
Trog was extremely pleased with you.
You were full.

You visited 2 branches of the dungeon, and saw 16 of its levels.

You collected 1333 gold pieces.

Inventory:

Hand weapons
 A - a +5 executioner's axe of flaming (weapon) {god gift}
   (Trog gifted it to you on level 1 of the Lair of Beasts)
Armour
 b - a +1 cloak (worn)
   (You found it on level 6 of the Dungeon)
 m - a +0 pair of gloves (worn)
   (You found it on level 3 of the Dungeon)
 t - a +0 pair of boots (worn)
   (You found it on level 5 of the Lair of Beasts)
 G - a +0 plate armour (worn)
   (You took it off an orc warrior on level 8 of the Dungeon)
Jewellery
 o - a +4 ring of evasion (left hand)
   (You found it on level 4 of the Dungeon)
 O - an amulet of guardian spirit (around neck)
   (You found it on level 1 of the Lair of Beasts)
 S - a ring of protection from magic (right hand)
   (You found it on level 2 of the Lair of Beasts)
Magical devices
 j - a wand of magic darts (21)
   (You found it on level 3 of the Lair of Beasts)
 l - a wand of cold (1)
   (You found it on level 4 of the Dungeon)
 s - a wand of fire (3)
   (You found it on level 5 of the Dungeon)
 u - a wand of fire (6)
   (You found it on level 5 of the Dungeon)
 y - a wand of random effects (30)
   (You found it on level 7 of the Lair of Beasts)
 D - a wand of invisibility (3)
   (You found it on level 6 of the Dungeon)
 J - a wand of flame (19)
   (You found it on level 8 of the Dungeon)
 V - a wand of magic darts (32)
   (You found it on level 7 of the Lair of Beasts)
Scrolls
 a - 2 scrolls of remove curse
 i - 4 scrolls of immolation
 w - 2 scrolls of blinking
 E - 2 scrolls of teleportation
 F - a scroll of magic mapping
 Q - a scroll of enchant armour
Potions
 d - 2 potions of agility
 e - 8 potions of curing
 f - a potion of brilliance
 g - 2 potions of haste
 h - 3 potions of heal wounds
 n - a potion of magic
 v - a potion of ambrosia
 z - a potion of flight {unknown}
 H - 2 potions of poison {unknown}
 K - a potion of degeneration {unknown}
 L - a potion of invisibility {unknown}
Books
 r - a book of Frost
   (You found it on level 5 of the Lair of Beasts)

   Spells                             Type                      Level
   a - Freeze                         Ice                          1
   b - Throw Frost                    Conjuration/Ice              2
   c - Ozocubu's Armour               Charms/Ice                   3
   d - Throw Icicle                   Conjuration/Ice              4
   e - Summon Ice Beast               Ice/Summoning                4
   f - Condensation Shield            Ice                          4
   Trog disapproves of the use of such an item.
 C - a book of Cantrips
   (You found it on level 6 of the Lair of Beasts)

   Spells                             Type                      Level
   a - Corona                         Hexes                        1
   b - Animate Skeleton               Necromancy                   1
   c - Summon Small Mammal            Summoning                    1
   d - Apportation                    Translocation                1
   Trog disapproves of the use of such an item.
 I - a book of Burglary
   (You found it on level 8 of the Dungeon)

   Spells                             Type                      Level
   a - Swiftness                      Charms/Air                   2
   b - Passwall                       Transmutation/Earth          3
   c - Passage of Golubria            Translocation                4
   d - Lee's Rapid Deconstruction     Earth                        5
   e - Darkness                       Hexes                        6
   f - Invisibility                   Hexes                        6
   Trog disapproves of the use of such an item.
 U - a book of Debilitation
   (You found it on level 2 of the Lair of Beasts)

   Spells                             Type                      Level
   a - Corona                         Hexes                        1
   b - Slow                           Hexes                        2
   c - Gell's Gravitas                Hexes/Translocation          3
   d - Inner Flame                    Hexes/Fire                   3
   e - Cause Fear                     Hexes                        4
   f - Leda's Liquefaction            Hexes/Earth                  4
   Trog disapproves of the use of such an item.
Miscellaneous
 k - a plain deck of wonders
   (You found it on level 3 of the Lair of Beasts)
 M - a crystal ball of energy
   (You found it on level 1 of the Lair of Beasts)
 N - a disc of storms
   (You found it on level 6 of the Lair of Beasts)
Comestibles
 c - 6 bread rations
 x - 4 meat rations


   Skills:
 + Level 13.8 Fighting
 + Level 16.9 Axes
 + Level 13.7 Armour
 - Level 2.1 Dodging
 + Level 8.6 Evocations


You had 12 spell levels left.
You didn't know any spells.

Dungeon Overview and Level Annotations

Branches:
Dungeon (8/15)             Temple (0/1) D:6            Lair (8/8) D:8
  Swamp (0/4) Lair:4        Snake (0/4) Lair:5        Slime (0/6) Lair:7

Altars:
Dithmenos
Gozag
Okawaru
Sif Muna
Trog
Vehumet
Zin

Annotations:
D:6 1 runed door


Innate Abilities, Weirdness & Mutations

You reflexively headbutt those who attack you in melee.
You have a pair of horns on your head.
You are partially covered in icy blue scales (AC +1).
You are partially covered in large bone plates (AC +2, SH +2).
You can translocate small distances at will.
You occasionally shout uncontrollably at your foes.
You expend magic power (3 MP) to strengthen your wands.


Message History

The vampire mosquito buzzes angrily.
The spiny frog stings you but does no damage.
The spiny frog stings you!
* * * LOW HITPOINT WARNING * * *
You are more poisoned.
The spiny frog poisons you!
You closely miss the spiny frog.
You feel sick. The spiny frog closely misses you. You furiously retaliate!
You headbutt the spiny frog, but do no damage.
The spiny frog stings you but does no damage.
The vampire mosquito closely misses you.
You furiously retaliate!
You headbutt the vampire mosquito. You hit the spiny frog.
You burn the spiny frog. You headbutt the spiny frog.
The spiny frog is moderately wounded.
You miss the vampire mosquito.
The vampire mosquito is lightly damaged.
You feel sick.
The vampire mosquito closely misses you.
The spiny frog stings you but does no damage.
The vampire mosquito bites you.
* * * LOW HITPOINT WARNING * * *
The vampire mosquito draws strength from your injuries!
The spiny frog stings you!
* * * LOW HITPOINT WARNING * * *
You are more poisoned.
The spiny frog poisons you! The vampire mosquito barely misses you.
You furiously retaliate!
You headbutt the vampire mosquito, but do no damage.
Drink which item? (? for menu, Esc to quit)
You feel much better.
You feel very sick.
The vampire mosquito bites you but does no damage.
The spiny frog stings you.
* * * LOW HITPOINT WARNING * * *
You are more poisoned.
The spiny frog poisons you! The vampire mosquito barely misses you.
You block the spiny frog's attack. The vampire mosquito misses you.
Drink which item? (? for menu, Esc to quit)
You feel yourself speed up.
You feel very sick.
You block the vampire mosquito's attack.
The spiny frog stings you!
* * * LOW HITPOINT WARNING * * *
The vampire mosquito misses you. The spiny frog barely misses you.
The vampire mosquito bites you but does no damage.
You are very lightly contaminated with residual magic.
You barely miss the spiny frog. You headbutt the spiny frog!
The spiny frog is heavily wounded.
You closely miss the vampire mosquito.
You feel very sick.
The vampire mosquito bites you but does no damage.
The spiny frog stings you!
* * * LOW HITPOINT WARNING * * *
You are more poisoned.
The spiny frog poisons you!
The vampire mosquito bites you but does no damage.
You hit the spiny frog but do no damage.
The spiny frog is heavily wounded.
You slice the vampire mosquito!! You burn the vampire mosquito!
You destroy the vampire mosquito!
* * * LOW HITPOINT WARNING * * *
You feel very sick. The spiny frog stings you!
You die...

### ####### ##@## .
####.P...######%#F####PP
P.#...P.....#..#.........
.<..%....................
.......P......%..........
.....%PPP.....~~%.....~.P
........PP......P..~..P..
.........P.~~~.~.~~~~.~.~
..............~~~..P~~~P.


You could see a spiny frog.

Vanquished Creatures
  Rupert (Lair:6)
  Kirke (Lair:7)
  5 hydras
  A death yak (Lair:4)
  A lindwurm (Lair:7)
  5 black mambas
  17 elephants
  Joseph (D:8)
  17 spiny frogs
  A fire drake (Lair:7)
  15 komodo dragons
  A giant leech (Lair:8)
  A polar bear (Lair:2)
  A slime creature (Lair:7)
  5 blink frogs (Lair:7)
  A spriggan (Lair:2)
  3 hogs (Lair:7)
  14 yaks
  A deep elf fighter (D:8)
  A vampire mosquito (Lair:8)
  3 hippogriffs
  12 wolves
  A mottled dragon (Lair:7)
  6 nagas (Lair:5)
  11 porcupines
  14 water moccasins
  An orc warrior (D:8)
  A sky beast (D:5)
  A phantom (D:7)
  A black bear (Lair:2)
  An ice beast (D:8)
  4 ogres
  11 crocodiles
  A brain worm (Lair:6)
  17 giant frogs
  A big kobold (D:8)
  A gnoll sergeant (D:7)
  A wyvern skeleton (D:8)
  4 scorpions
  A killer bee (D:6)
  5 wights (D:7)
  2 electric eels
  3 crimson imps
  4 hounds
  6 jellies
  2 orc priests
  13 worker ants
  3 giant frog skeletons
  2 orc wizards (D:7)
  9 iguanas
  7 sheep (Lair:3)
  A hound skeleton (D:8)
  A hound zombie (D:5)
  A worker ant zombie (D:5)
  9 adders
  43 river rats
  11 gnolls
  A shadow imp (D:6)
  2 oozes
  2 worms
  7 giant geckos
  22 orcs
  18 bats
  8 giant cockroaches
  10 goblins
  7 hobgoblins
  11 jackals
  A ball python (D:1)
  A ball python skeleton (D:5)
  A giant gecko zombie (D:7)
  5 giant newts
  A jackal zombie (D:5)
  10 kobolds
  3 quokkas
  22 rats
  6 fungi
  5 plants
  2 toadstools (D:1)
453 creatures vanquished.

Vanquished Creatures (others)
  A human (Lair:7)
  27 fungi
  6 plants
  2 toadstools (D:1)
36 creatures vanquished.

Grand Total: 489 creatures vanquished

Notes
Turn   | Place    | Note
--------------------------------------------------------------
     0 | D:1      | kroki the Minotaur Berserker began the quest for the Orb.
     0 | D:1      | Reached XP level 1. HP: 19/19 MP: 0/0
    68 | D:1      | Reached skill level 4 in Axes
   165 | D:1      | Reached XP level 2. HP: 19/26 MP: 1/1
   476 | D:1      | Acquired Trog's second power
   879 | D:1      | Reached skill level 5 in Axes
  1010 | D:2      | Reached XP level 3. HP: 31/31 MP: 2/2
  1264 | D:2      | Reached skill level 6 in Axes
  1264 | D:2      | Reached XP level 4. HP: 32/39 MP: 3/3
  1553 | D:3      | Found a shadowy altar of Dithmenos.
  1793 | D:3      | Reached XP level 5. HP: 35/45 MP: 4/4
  1861 | D:3      | Reached skill level 7 in Axes
  2119 | D:4      | Found a bloodstained altar of Trog.
  2757 | D:4      | Reached skill level 8 in Axes
  2993 | D:4      | Reached XP level 6. HP: 41/51 MP: 5/5
  3729 | D:5      | Entered Level 5 of the Dungeon
  3757 | D:5      | Reached skill level 9 in Axes
  3909 | D:5      | Reached XP level 7. HP: 57/57 MP: 6/6
  3961 | D:5      | Reached skill level 10 in Axes
  3996 | D:5      | Acquired Trog's third power
  4150 | D:5      | Reached skill level 11 in Axes
  4179 | D:5      | Found a deep blue altar of Sif Muna.
  4711 | D:6      | Found a radiant altar of Vehumet.
  4739 | D:6      | Reached XP level 8. HP: 52/64 MP: 7/7
  4827 | D:6      | Reached skill level 4 in Fighting
  4925 | D:6      | Found a staircase to the Ecumenical Temple.
  4954 | D:6      | Found a runed door.
  4969 | D:6      | Reached skill level 3 in Armour
  5018 | D:6      | Found a runed door.
  5029 | D:6      | Reached skill level 4 in Armour
  5235 | D:6      | Reached skill level 5 in Fighting
  5309 | D:6      | Found an opulent altar of Gozag.
  5388 | D:6      | Found an iron altar of Okawaru.
  5544 | D:7      | Reached skill level 12 in Axes
  5606 | D:7      | Reached skill level 5 in Armour
  5728 | D:7      | Reached skill level 6 in Fighting
  5732 | D:7      | Reached XP level 9. HP: 75/75 MP: 8/8
  5840 | D:7      | Reached skill level 6 in Armour
  6167 | D:7      | Found a glowing silver altar of Zin.
  6389 | D:8      | Noticed Joseph
  6400 | D:8      | Killed Joseph
  6400 | D:8      | Reached skill level 7 in Fighting
  6465 | D:8      | Reached skill level 7 in Armour
  6681 | D:8      | Reached skill level 13 in Axes
  6961 | D:8      | Reached skill level 8 in Fighting
  7220 | D:8      | Found a staircase to the Lair.
  7224 | D:8      | Reached skill level 8 in Armour
  7335 | Lair:1   | Entered Level 1 of the Lair of Beasts
  7339 | Lair:1   | Received a gift from Trog
  7339 | Lair:1   | Reached XP level 10. HP: 90/90 MP: 9/9
  7406 | Lair:1   | Noticed a seven-headed hydra
  7407 | Lair:1   | Reached skill level 9 in Fighting
  7412 | Lair:1   | Killed a seven-headed hydra
  7412 | Lair:1   | Reached skill level 9 in Armour
  7412 | Lair:1   | Reached skill level 1 in Evocations
  7413 | Lair:1   | Noticed a spiny frog
  7420 | Lair:1   | Killed a spiny frog
  7726 | Lair:1   | Reached skill level 2 in Evocations
  7823 | Lair:1   | Reached skill level 14 in Axes
  8339 | Lair:2   | Reached skill level 10 in Fighting
  8359 | Lair:2   | Got a steaming mace
  8446 | Lair:2   | Noticed an elephant
  8447 | Lair:2   | Noticed an elephant
  8448 | Lair:2   | Noticed an elephant
  8448 | Lair:2   | Noticed an elephant
  8449 | Lair:2   | Noticed an elephant
  8450 | Lair:2   | Noticed an elephant
  8451 | Lair:2   | Noticed an elephant
  8451 | Lair:2   | Reached skill level 3 in Evocations
  8452 | Lair:2   | Noticed an elephant
  8473 | Lair:2   | Killed an elephant
  8477 | Lair:2   | Reached skill level 10 in Armour
  8477 | Lair:2   | Reached XP level 11. HP: 66/99 MP: 12/12
  8483 | Lair:2   | Noticed an elephant
  8484 | Lair:2   | Noticed an elephant
  8484 | Lair:2   | Killed an elephant
  8485 | Lair:2   | Killed an elephant
  8490 | Lair:2   | Killed an elephant
  8492 | Lair:2   | Killed an elephant
  8495 | Lair:2   | Killed an elephant
  8496 | Lair:2   | Killed an elephant
  8496 | Lair:2   | Reached skill level 4 in Evocations
  8497 | Lair:2   | Killed an elephant
  8502 | Lair:2   | Killed an elephant
  8804 | Lair:2   | Noticed a black mamba
  8811 | Lair:2   | Killed a black mamba
  8925 | Lair:2   | Reached skill level 11 in Fighting
  9242 | Lair:2   | Identified a scroll of acquirement
  9299 | Lair:3   | Reached skill level 11 in Armour
  9362 | Lair:3   | Noticed an eight-headed hydra
  9371 | Lair:3   | Killed an eight-headed hydra
  9371 | Lair:3   | Reached skill level 5 in Evocations
  9372 | Lair:3   | Reached skill level 15 in Axes
  9818 | Lair:3   | Gained mutation: You can translocate small distances at will. [potion of beneficial mutation]
  9853 | Lair:3   | Received a gift from Trog
 10235 | Lair:3   | Reached XP level 12. HP: 64/110 MP: 11/15
 10773 | Lair:4   | Noticed a six-headed hydra
 10780 | Lair:4   | Killed a six-headed hydra
 10805 | Lair:4   | Reached skill level 6 in Evocations
 11063 | Lair:4   | Reached skill level 12 in Fighting
 11217 | Lair:4   | Reached skill level 12 in Armour
 11606 | Lair:4   | Killed an elephant
 11656 | Lair:4   | Noticed a four-headed hydra
 11666 | Lair:4   | Killed a four-headed hydra
 11807 | Lair:4   | Reached skill level 16 in Axes
 11807 | Lair:4   | Reached skill level 7 in Evocations
 12190 | Lair:4   | Found a staircase to the Swamp.
 12347 | Lair:5   | Gained mutation: You are partially covered in icy blue scales (AC +1). [potion of mutation]
 12347 | Lair:5   | Gained mutation: You expend magic power (3 MP) to strengthen your wands. [potion of mutation]
 12351 | Lair:5   | Gained mutation: You occasionally shout uncontrollably at your foes. [potion of mutation]
 12351 | Lair:5   | Gained mutation: You are partially covered in large bone plates (AC +2, SH +2). [potion of mutation]
 12735 | Lair:5   | Found a staircase to the Snake Pit.
 13540 | Lair:6   | Noticed Rupert
 13553 | Lair:6   | Killed Rupert
 13553 | Lair:6   | Received a gift from Trog
 13553 | Lair:6   | Reached skill level 13 in Fighting
 13553 | Lair:6   | Reached XP level 13. HP: 122/122 MP: 15/17
 14108 | Lair:7   | Reached skill level 13 in Armour
 14127 | Lair:7   | Received a gift from Trog
 14325 | Lair:7   | Noticed Kirke
 14333 | Lair:7   | Killed Kirke
 14333 | Lair:7   | Reached skill level 8 in Evocations
 14732 | Lair:7   | Found a staircase to the Slime Pits.
 15388 | Lair:8   | Entered Level 8 of the Lair of Beasts
 15516 | Lair:8   | HP: 6/123 [spiny frog (14)]
 15517 | Lair:8   | Mangled by a spiny frog

Vault maps used:
D:1:      ldierk_water_garden
D:3:      nicolae_dithmenos_shadow_blocks, minmay_goblin_kobold_house
D:4:      lightli_temple_of_fire, first_bread, grunt_ministairs_4
D:5:      minmay_opposing_rooms, lemuel_blue_sif_altar
D:6:      lemuel_insect_pit, kennysheep_mini, lemuel_doored_altar,
          nicolae_gozag_seed_capital, minmay_temple_entry_mist,
          kennysheep_generic_room_8
D:7:      zin_academy
D:8:      grunt_lair_entry_elf_guard_hut, uniq_joseph
Lair:2:   grunt_forest_stairs_clearing
Lair:3:   grunt_megastairs_4
Lair:4:   swamp_mist, beast_lair_carwin_8
Lair:5:   minmay_snake_entry_guardpost_medium, grunt_megastairs_3
Lair:6:   serial_bayou_pond_c, infiniplex_staircase_pool, lemuel_fruit_tree,
          uniq_rupert
Lair:7:   minmay_slime_entry_pillars, grunt_forest_stairs_basic,
          bobbens_dragon_lair_wall, serial_bayou_shore_a, uniq_kirke
Lair:8:   minmay_lair_end_frog_pond, uniq_nessos

Action                   |  1- 3 |  4- 6 |  7- 9 | 10-12 | 13-15 || total
-------------------------+-------+-------+-------+-------+-------++-------
Melee: Hand axe          |    77 |   104 |       |       |       ||   181
       Battleaxe         |       |    51 |   231 |     8 |       ||   290
       Executioner's axe |       |       |       |   349 |    99 ||   448
Invok: Berserk           |     1 |     2 |     9 |     8 |     3 ||    23
       Burn Spellbooks   |       |       |       |     3 |     1 ||     4
       Trog's Hand       |       |       |       |     1 |     3 ||     4
Evoke: Wand              |       |       |       |    14 |     3 ||    17
  Use: Scroll            |     4 |     5 |    13 |     9 |     8 ||    39
       Potion            |       |       |       |     3 |     2 ||     5
 Stab: Invisible         |       |       |       |     1 |       ||     1
  Eat: Chunk             |     1 |    11 |    17 |     9 |     5 ||    43
       Pizza             |       |       |     2 |     1 |       ||     3
       Bread ration      |       |       |       |     1 |       ||     1
       Meat ration       |       |       |       |     3 |       ||     3
       Beef jerky        |       |       |       |     1 |     1 ||     2
       Fruit             |       |       |       |       |     8 ||     8
